Map: New Gettysburg LE

Players

Zeal - Winner!

  • Race: Protoss Protoss
  • League: Grandmaster

Towelie

  • Race: Zerg Zerg
  • League: Grandmaster

Event: Clash of the Clanless

VOD

Have the link to the VOD?

Description

Time

  • Played on: Aug. 20, 2016, 2:27 p.m.
  • Length: 8:37

All games in this series

Show
View Real Time Build Order
Export as new Build Order

Zeal Protoss - Winner!

Build Orders: 1 Gate Expand, Oracle Opening 

Get SALT Encoding   

  12  0:01  Probe (Chrono Boost)  
  13  0:11  Probe (Chrono Boost)  
  14  0:18  Pylon  
  14  0:23  Probe (Chrono Boost)  
  15  0:36  Probe (Chrono Boost)  
  15  0:40  Gateway  
  16  0:47  Probe (Chrono Boost)  
  17  0:54  Assimilator  
  17  0:57  Probe (Chrono Boost)  
  18  1:08  Probe (Chrono Boost)  
  19  1:19  Probe (Chrono Boost)  
  20  1:27  Nexus  
  20  1:38  Cybernetics Core  
  20  1:41  Probe (Chrono Boost)  
  21  1:48  Assimilator  
  21  1:52  Probe (Chrono Boost)  
  22  1:56  Pylon  
  22  2:02  Probe (Chrono Boost)  
  23  2:11  Adept  
  23  2:15  Warp Gate  
  26  2:16  Probe (Chrono Boost)  
  26  2:28  Probe (Chrono Boost)  
  27  2:35  Stargate  
  27  2:38  Zealot  
  27  2:39  Probe (Chrono Boost)  
  27  2:40  Probe (Chrono Boost)  
  31  2:50  Probe (Chrono Boost)  
  32  2:52  Mothership Core (Chrono Boost)  
  34  3:00  Probe (Chrono Boost)  
  35  3:10  Probe (Chrono Boost)  
  35  3:11  Probe (Chrono Boost)  
  37  3:16  Oracle  
  37  3:18  Gateway  
  37  3:19  Gateway  
  37  3:21  Probe (Chrono Boost)  
  37  3:27  Pylon  
  41  3:30  Probe (Chrono Boost)  
  41  3:32  Probe (Chrono Boost)  
  43  3:42  Probe (Chrono Boost)  
  43  3:43  Probe (Chrono Boost)  
  43  3:47  Oracle  
  45  3:49  Pylon  
  50  3:55  Probe (Chrono Boost)  
  50  3:57  Probe (Chrono Boost)  
  50  4:04  Pylon  
  50  4:06  Probe (Chrono Boost)  
  50  4:09  Probe (Chrono Boost)  
  52  4:16  Probe (Chrono Boost)  
  53  4:18  Adept x3  
  53  4:21  Probe (Chrono Boost)  
  60  4:30  Probe (Chrono Boost)  
  61  4:33  Pylon  
  61  4:36  Nexus  
  61  4:37  Probe (Chrono Boost)  
  62  4:40  Probe (Chrono Boost), Assimilator  
  62  4:42  Assimilator  
  63  4:45  Adept x2  
  63  4:47  Adept  
  63  4:52  Pylon  
  69  4:57  Probe x2 (Chrono Boost)  
  71  5:09  Probe x2 (Chrono Boost)  
  73  5:19  Probe (Chrono Boost)  
  73  5:20  Forge  
  73  5:21  Twilight Council, Probe (Chrono Boost)  
  75  5:42  Probe x2 (Chrono Boost)  
  77  5:43  Sentry  
  77  5:44  Void Ray, Sentry x2  
  77  5:48  Protoss Ground Weapons Level 1  
  77  5:49  Robotics Facility  
  88  5:50  Probe (Chrono Boost)  
  88  5:52  Probe (Chrono Boost)  
  88  5:54  Probe (Chrono Boost)  
  88  5:56  Blink  
  90  6:00  Probe (Chrono Boost)  
  90  6:03  Probe (Chrono Boost)  
  92  6:06  Pylon  
  92  6:07  Probe (Chrono Boost)  
  92  6:11  Probe (Chrono Boost)  
  94  6:14  Assimilator  
  94  6:15  Probe (Chrono Boost)  
  94  6:17  Gateway  
  96  6:18  Assimilator  
  96  6:19  Probe (Chrono Boost), Gateway  
  96  6:20  Gateway  
  96  6:21  Probe (Chrono Boost)  
  96  6:25  Gateway x2  
  97  6:27  Probe (Chrono Boost)  
  98  6:36  Warp Prism  
  98  6:38  Probe (Chrono Boost)  
  98  6:39  Probe x2 (Chrono Boost)  
  101  6:40  Pylon  
  101  6:42  Pylon  
  101  6:46  Sentry x3  
  109  6:52  Pylon  
  109  7:10  Observer  
  110  7:16  Stalker x2, Sentry  
  110  7:17  Stalker x3  
  110  7:18  Nexus  
  110  7:20  Pylon, Stalker x2  
  110  7:22  Pylon  
  126  7:34  Pylon  
  126  7:40  Stalker x6  
  126  7:43  Stalker x2  
  142  7:56  Pylon  
  138  8:07  Stalker x7  
  145  8:23  Stalker  
Show
View Real Time Build Order
Export as new Build Order

Towelie Zerg 

Build Orders: Hatch First 

Get SALT Encoding   

  12  0:00  Drone  
  13  0:13  Overlord  
  13  0:20  Drone  
  14  0:32  Drone  
  14  0:33  Drone  
  16  0:35  Drone  
  17  0:55  Drone  
  18  1:03  Hatchery  
  17  1:04  Drone  
  17  1:09  Extractor  
  17  1:17  Spawning Pool  
  16  1:21  Drone  
  17  1:26  Drone  
  17  1:32  Drone  
  19  1:40  Overlord  
  19  1:58  Drone  
  20  2:03  Queen  
  20  2:04  Drone  
  23  2:10  Metabolic Boost  
  23  2:14  Drone  
  23  2:15  Queen  
  26  2:17  Drone  
  27  2:25  Drone  
  28  2:35  Zergling x4  
  30  2:42  Overlord  
  30  2:47  Pneumatized Carapace  
  30  2:50  Zergling x2  
  30  2:51  Zergling x2, Queen  
  34  2:59  Drone  
  34  3:00  Drone  
  36  3:07  Drone  
  37  3:17  Drone x3  
  37  3:18  Overlord  
  40  3:27  Queen  
  42  3:35  Drone x2  
  42  3:39  Hatchery  
  43  3:42  Spore Crawler, Drone  
  43  3:45  Spore Crawler  
  43  3:46  Drone  
  43  3:48  Drone  
  44  3:49  Drone  
  44  3:53  Overlord  
  45  4:00  Drone x3  
  48  4:05  Overlord  
  48  4:07  Drone  
  48  4:08  Drone  
  48  4:09  Drone  
  51  4:18  Drone x3  
  51  4:19  Drone x2  
  56  4:28  Drone  
  56  4:29  Roach Warren  
  55  4:38  Extractor  
  55  4:39  Drone, Extractor  
  55  4:40  Drone x4  
  55  4:45  Overlord  
  58  4:50  Zergling x2  
  59  5:03  Drone  
  59  5:06  Drone x2  
  59  5:11  Drone x4  
  59  5:12  Drone x3  
  66  5:17  Roach x2  
  74  5:22  Roach  
  74  5:26  Roach x2  
  80  5:31  Spore Crawler  
  80  5:34  Spore Crawler  
  80  5:35  Spore Crawler x2  
  71  5:38  Extractor  
  71  5:42  Roach x3  
  75  5:43  Roach x2  
  75  5:49  Lair  
  73  5:56  Drone x6  
  80  6:08  Drone  
  80  6:09  Drone  
  82  6:12  Overlord x2  
  82  6:17  Evolution Chamber  
  82  6:18  Evolution Chamber  
  80  6:19  Drone  
  81  6:26  Drone  
  81  6:28  Overlord x3  
  81  6:29  Extractor  
  81  6:30  Extractor  
  81  6:32  Hatchery  
  79  6:37  Drone  
  79  6:38  Extractor  
  79  6:42  Drone x2  
  79  6:43  Drone  
  79  6:46  Drone x4  
  79  6:47  Drone x2  
  88  6:49  Drone x2  
  90  6:56  Drone x2  
  90  6:57  Drone x3  
  90  7:01  Glial Reconstitution  
  95  7:03  Drone  
  96  7:08  Overlord x2  
  96  7:10  Ravager x4  
  96  7:11  Ravager x2  
  96  7:13  Zergling x8  
  96  7:15  Ravager x2  
  107  7:19  Drone  
  108  7:24  Zergling x10  
  108  7:26  Overlord  
  108  7:27  Overlord  
  108  7:28  Overseer  
  113  7:32  Zergling x4  
  115  7:37  Zergling x2  
  115  7:38  Spore Crawler  
  115  7:42  Zergling x2  
  115  7:43  Zergling x4  
  118  7:49  Zergling x14  
  115  8:09  Zergling x4  
  115  8:10  Zergling x16  
Tags
 
Add a new tag
Caveats
  • Supply blocks, unpowered buildings, or Contaminate may cause inaccurate times.
  • Supply counts are checked every 10 seconds.